AoeStats
← LeDerp

Hideout

509147378Analyzed
1v1 RM · 7d ago on Sep 25, 2026· 39m 7s· 2 players
Game mode
Random Map
Map size
Tiny (2 player)
Population
200
Speed
Normal
Resources
Standard
Victory
Conquest
Starting age
Dark Age
Ending age
Imperial Age
RankedLock teamsTeams togetherTeam positionsShared explorationLock speedFull tech treeHidden civsTurbo modeCheats
Victory
Defeat
🇨🇳 Poles · China
1086
+16
🇺🇦 Sicilians · Ukraine
1089
-16
LeDerp
10:06 Feudal Age
9:18 Loom
10:43 Double-Bit Axe
11:24 Horse Collar
20:50 Castle Age
18:46 Stone Mining
23:22 Heavy Plow
23:34 Bow Saw
24:45 Szlachta Privileges
26:36 Scale Barding Armor
27:25 Forging
28:39 Bloodlines
28:31 Scale Mail Armor
29:31 Husbandry
30:44 Wheelbarrow
32:53 Scale Mail Armor
33:17 Chain Barding Armor
34:12 Gold Mining
35:00 Iron Casting
38:13 Stone Shaft Mining
fedyk.ukr
9:43 Feudal Age
8:00 Loom
10:36 Double-Bit Axe
13:30 Horse Collar
22:26 Castle Age
21:52 Fletching
25:11 Gold Mining
26:18 Wheelbarrow
27:28 Bow Saw
28:30 Husbandry
32:44 Pikeman
36:54 Imperial Age
34:17 Pikeman
Connection lost

Rejoining the realm…

Still unreachable

The connection could not be restored.

Session expired

The server has moved on; the page needs a fresh start.